[Event "Niedersachsen-ch A 2024"]
[Site "Verden Aller"]
[Date "2024.01.06"]
[Round "5.23"]
[White "Kieselbach, Jannik"]
[Black "Zweigait, Leon"]
[Result "1-0"]
[ECO "B01"]
[WhiteElo "1885"]
[BlackElo "1526"]
[Annotator "NA RC"]
[PlyCount "43"]
[EventDate "2024.01.01"]
[EventType "swiss"]
[EventCountry "GER"]
[SourceTitle "playchess.com"]
[Source "ChessBase"]
[SourceQuality "1"]
[TimeControl "40/5400+30:1800+30"]

1. e4 d5 2. exd5 Nf6 3. d4 Qxd5 4. Nc3 Qd6 5. Nf3 a6 6. h3 b5 7. Bd3 Bb7 8. Qe2 Nbd7 9. Ne4 Qb6 10. O-O e6 11. Re1 Be7 12. c3 h6 13. Bd2 O-O 14. b4 Bd5 15. a4 Nxe4 16. Bxe4 Nf6 17. Bxd5 Nxd5 18. Ne5 Rfd8 19. Qh5 f6 20. Qf7+ Kh7 21. Bxh6 Bf8 22. Bxg7 1-0

[Event "Niedersachsen-ch A 2024"]
[Site "Verden Aller"]
[Date "2024.01.06"]
[Round "5.24"]
[White "Kelemen, Alexander"]
[Black "Seer, Maurice"]
[Result "1/2-1/2"]
[ECO "D15"]
[WhiteElo "1817"]
[BlackElo "1912"]
[Annotator "NA RC"]
[PlyCount "21"]
[EventDate "2024.01.01"]
[EventType "swiss"]
[EventCountry "GER"]
[SourceTitle "playchess.com"]
[Source "ChessBase"]
[SourceQuality "1"]
[TimeControl "40/5400+30:1800+30"]

1. d4 Nf6 2. Nf3 d5 3. c4 c6 4. e3 a6 5. Nc3 Bf5 6. Qb3 Ra7 7. Nh4 Bg6 8. Nxg6 hxg6 9. Bd3 e6 10. Bd2 Bd6 11. O-O-O 1/2-1/2

[Event "Niedersachsen-ch A 2024"]
[Site "Verden Aller"]
[Date "2024.01.06"]
[Round "5.25"]
[White "Nuerenberg, Marius"]
[Black "Kiesel, Harald"]
[Result "1/2-1/2"]
[ECO "C02"]
[WhiteElo "1764"]
[BlackElo "1975"]
[Annotator "NA RC"]
[PlyCount "38"]
[EventDate "2024.01.01"]
[EventType "swiss"]
[EventCountry "GER"]
[SourceTitle "playchess.com"]
[Source "ChessBase"]
[SourceQuality "1"]
[TimeControl "40/5400+30:1800+30"]

1. e4 e6 2. d4 d5 3. e5 c5 4. c3 Nc6 5. Nf3 Bd7 6. Bd3 cxd4 7. O-O dxc3 8. Nxc3 a6 9. Re1 h6 10. Be3 b5 11. a4 b4 12. Ne2 Nge7 13. Rc1 g6 14. Bc5 Nf5 15. Bxf8 Kxf8 16. Qd2 a5 17. Bxf5 gxf5 18. Nf4 Ne7 19. b3 Rc8 1/2-1/2

[Event "Niedersachsen-ch A 2024"]
[Site "Verden Aller"]
[Date "2024.01.06"]
[Round "5.26"]
[White "Kozik, Andreas"]
[Black "ter Stal, Lars"]
[Result "0-1"]
[ECO "D02"]
[WhiteElo "1912"]
[BlackElo "1770"]
[Annotator "RC"]
[PlyCount "88"]
[EventDate "2024.01.01"]
[EventType "swiss"]
[EventCountry "GER"]
[SourceTitle "playchess.com"]
[Source "ChessBase"]
[SourceQuality "1"]
[TimeControl "40/5400+30:1800+30"]

1. d4 Nf6 2. Nf3 e6 3. Bf4 d5 4. e3 c5 5. c3 Bd6 6. Bg3 O-O 7. Nbd2 Qc7 8. dxc5 Qxc5 9. Bd3 Bd7 10. e4 Be7 11. Bf4 dxe4 12. Nxe4 Nxe4 13. Bxe4 Bc6 14. Qc2 Bxe4 15. Qxe4 Qc6 16. Qxc6 Nxc6 17. Ke2 f6 18. Rad1 Rfd8 19. Bc7 Rxd1 20. Rxd1 e5 21. Bd6 Kf7 22. Ne1 Rd8 23. Bxe7 Rxd1 24. Kxd1 Kxe7 25. Nc2 Ke6 26. Kd2 f5 27. Kd3 e4+ 28. Ke2 g5 29. f3 exf3+ 30. Kxf3 Ne5+ 31. Ke2 f4 32. h3 Kd5 33. b3 Ke4 34. Ne1 g4 35. hxg4 Nxg4 36. Nf3 h5 37. Nd2+ Kf5 38. Nc4 Nf6 39. Kf3 Ne4 40. a4 b6 41. b4 h4 42. a5 b5 43. Nb6 axb6 44. a6 Ng5+ 0-1

[Event "Niedersachsen-ch A 2024"]
[Site "Verden Aller"]
[Date "2024.01.06"]
[Round "5.27"]
[White "Langer, Michael S."]
[Black "Hoke, Adrian"]
[Result "1-0"]
[ECO "D00"]
[WhiteElo "1888"]
[BlackElo "1765"]
[Annotator "NA RC"]
[PlyCount "99"]
[EventDate "2024.01.01"]
[EventType "swiss"]
[EventCountry "GER"]
[SourceTitle "playchess.com"]
[Source "ChessBase"]
[SourceQuality "1"]
[TimeControl "40/5400+30:1800+30"]

1. d4 d5 2. Bf4 Nf6 3. e3 e6 4. Nd2 c5 5. c3 Bd6 6. Bxd6 Qxd6 7. f4 O-O 8. Bd3 b6 9. Ngf3 Ba6 10. Bxa6 Nxa6 11. Qe2 Nb8 12. Ne5 Nbd7 13. O-O cxd4 14. exd4 b5 15. g4 Rab8 16. g5 Ne8 17. Nxd7 Qxd7 18. Nb3 b4 19. Nc5 Qe7 20. Na6 Rb6 21. Nxb4 Qd6 22. Nd3 Qe7 23. Rae1 Nd6 24. Nc5 Rfb8 25. b3 Nb7 26. Na4 Rc6 27. Qe5 Qd8 28. Rf3 Nd6 29. Nc5 Rbc8 30. Rc1 Qa5 31. a4 Rxc5 32. Qxd6 R5c6 33. Qe5 Qb6 34. b4 a5 35. b5 Rc4 36. f5 Rxa4 37. fxe6 Qxe6 38. Qxe6 fxe6 39. Rcf1 Rac4 40. b6 Rxc3 41. b7 Rc2 42. bxc8=Q+ Rxc8 43. Re3 h6 44. gxh6 gxh6 45. Rxe6 a4 46. Rd6 a3 47. Rxd5 a2 48. Ra5 Rc2 49. Ra1 Rb2 50. R5xa2 1-0

[Event "Niedersachsen-ch A 2024"]
[Site "Verden Aller"]
[Date "2024.01.06"]
[Round "5.30"]
[White "Stummeyer, Dieter"]
[Black "Schiller, Jan-Hendrik"]
[Result "0-1"]
[ECO "B84"]
[WhiteElo "1804"]
[BlackElo "1881"]
[Annotator "NA RC"]
[PlyCount "106"]
[EventDate "2024.01.01"]
[EventType "swiss"]
[EventCountry "GER"]
[SourceTitle "playchess.com"]
[Source "ChessBase"]
[SourceQuality "1"]
[TimeControl "40/5400+30:1800+30"]

1. e4 c5 2. Nf3 d6 3. d4 cxd4 4. Nxd4 Nf6 5. Nc3 a6 6. Be2 e6 7. Be3 Be7 8. O-O Qc7 9. a4 Nc6 10. Nb3 O-O 11. a5 Nd7 12. Qd2 Nce5 13. Rfc1 b5 14. axb6 Nxb6 15. Na5 Nbc4 16. Nxc4 Nxc4 17. Bxc4 Qxc4 18. b3 Qc6 19. f3 Bd7 20. Ne2 Rfc8 21. c4 Be8 22. Nd4 Qb7 23. Qd3 h6 24. Rab1 a5 25. Bd2 Rd8 26. Be3 Bf6 27. Ne2 d5 28. exd5 exd5 29. c5 Bb5 30. Qd2 Bxe2 31. Qxe2 d4 32. Bf4 Qc6 33. Qc4 Be7 34. Rb2 Rac8 35. Rd2 Qxc5 36. Qxc5 Rxc5 37. Rxc5 Bxc5 38. Bc7 Rd5 39. Rd3 Be7 40. Kf1 Bf6 41. Ke2 Kf8 42. g3 Ke8 43. Bf4 Kd7 44. Bd2 Kc6 45. f4 g5 46. Kf3 Bd8 47. Ke4 f5+ 48. Kf3 g4+ 49. Kg2 Rd7 50. Bc1 Kd5 51. Kf2 Ke4 52. Ke2 Rc7 53. Kd2 Rxc1 0-1

[Event "Niedersachsen-ch A 2024"]
[Site "Verden Aller"]
[Date "2024.01.06"]
[Round "5.31"]
[White "Behn, Cord"]
[Black "Moerke, Niklas"]
[Result "0-1"]
[ECO "A18"]
[WhiteElo "1837"]
[BlackElo "1800"]
[Annotator "NA RC"]
[PlyCount "80"]
[EventDate "2024.01.01"]
[EventType "swiss"]
[EventCountry "GER"]
[SourceTitle "playchess.com"]
[Source "ChessBase"]
[SourceQuality "1"]
[TimeControl "40/5400+30:1800+30"]

1. c4 e6 2. Nc3 Nf6 3. e4 e5 4. Nf3 Nc6 5. d4 exd4 6. Nxd4 Bb4 7. f3 O-O 8. Be3 Nxe4 9. fxe4 Qh4+ 10. Bf2 Qxe4+ 11. Qe2 Qg6 12. Nxc6 dxc6 13. h3 Bf5 14. O-O-O Rad8 15. g4 Rxd1+ 16. Qxd1 Bxc3 17. gxf5 Qxf5 18. Be3 Qe4 19. Bc5 Re8 20. Bd3 Bxb2+ 21. Kxb2 Qe5+ 22. Kc2 Qxc5 23. Qg4 Qf2+ 24. Kb3 a5 25. Rf1 Qe3 26. Qf5 f6 27. Qxh7+ Kf8 28. Kc2 Qg5 29. h4 Qg2+ 30. Kc3 Qg4 31. h5 Re5 32. Qh8+ Ke7 33. h6 Re3 34. h7 b5 35. Kd2 Qg3 36. Kc2 Qg2+ 37. Kc3 bxc4 38. Kxc4 Qd5+ 39. Kc3 Qxd3+ 40. Kb2 Re2+ 0-1

[Event "Niedersachsen-ch A 2024"]
[Site "Verden Aller"]
[Date "2024.01.06"]
[Round "5.32"]
[White "Aden, Keno"]
[Black "Gehrke, Mathias"]
[Result "1/2-1/2"]
[ECO "A43"]
[WhiteElo "1832"]
[BlackElo "1761"]
[Annotator "NA RC"]
[PlyCount "85"]
[EventDate "2024.01.01"]
[EventType "swiss"]
[EventCountry "GER"]
[SourceTitle "playchess.com"]
[Source "ChessBase"]
[SourceQuality "1"]
[TimeControl "40/5400+30:1800+30"]

1. d4 c5 2. d5 d6 3. Nc3 Nf6 4. e4 e6 5. Bb5+ Bd7 6. a4 a6 7. Be2 exd5 8. exd5 Be7 9. Nf3 Bg4 10. O-O Nbd7 11. Bf4 O-O 12. h3 Bxf3 13. Bxf3 Rb8 14. Be2 Qb6 15. a5 Qc7 16. Qd2 Rfe8 17. Bd3 Bf8 18. Rfb1 g6 19. Bh6 Bg7 20. Bxg7 Kxg7 21. Ra4 Ne5 22. Be2 Qe7 23. Rf1 Ned7 24. Rh4 Ng8 25. Re4 Qd8 26. Rxe8 Qxe8 27. Bd3 Qf8 28. Ne4 Ngf6 29. Qc3 Qe7 30. Re1 Qe5 31. Qxe5 dxe5 32. c4 Nxe4 33. Bxe4 f5 34. Bc2 Kf6 35. f3 b6 36. axb6 Nxb6 37. b3 Nd7 38. Ra1 Rb6 39. Kf2 h6 40. h4 h5 41. g3 Ke7 42. Ke3 Nf6 43. Ra5 1/2-1/2

[Event "Niedersachsen-ch A 2024"]
[Site "Verden Aller"]
[Date "2024.01.06"]
[Round "5.33"]
[White "Wilmink, Anna"]
[Black "Rausch, Darius"]
[Result "1/2-1/2"]
[ECO "B73"]
[WhiteElo "1822"]
[BlackElo "1742"]
[Annotator "NA RC"]
[PlyCount "119"]
[EventDate "2024.01.01"]
[EventType "swiss"]
[EventCountry "GER"]
[SourceTitle "playchess.com"]
[Source "ChessBase"]
[SourceQuality "1"]
[TimeControl "40/5400+30:1800+30"]

1. e4 c5 2. Nf3 d6 3. d4 cxd4 4. Nxd4 Nf6 5. Nc3 g6 6. Be2 Bg7 7. Be3 O-O 8. O-O Nc6 9. Kh1 d5 10. exd5 Nxd5 11. Nxd5 Nxd4 12. Bxd4 Qxd5 13. Bxg7 Qxd1 14. Rfxd1 Kxg7 15. Rd2 Bf5 16. Rad1 Rac8 17. c4 h5 18. h3 Rb8 19. c5 Rfc8 20. b4 b6 21. g4 hxg4 22. hxg4 Be6 23. Rc1 bxc5 24. bxc5 Rb4 25. f3 Ra4 26. c6 Rc7 27. Rcc2 Ra5 28. Kg1 Bd5 29. a4 Kf6 30. Kf2 Ke6 31. Bb5 a6 32. Bc4 Kd6 33. Rd4 Rxc6 34. Rcd2 Rcc5 35. Ke3 e5 36. Rxd5+ Rxd5 37. Bxd5 Rxd5 38. Rb2 Kc6 39. Ke4 Rc5 40. Ke3 Ra5 41. Rb4 Kd5 42. g5 Ke6 43. Ke4 Kd6 44. Ke3 Ke6 45. Ke4 f5+ 46. gxf6 Kxf6 47. Rc4 Kg5 48. Rb4 Rc5 49. Rb6 Rc4+ 50. Kxe5 Rxa4 51. f4+ Kh5 52. Rc6 a5 53. f5 gxf5 54. Kxf5 Kh4 55. Rg6 Kh3 56. Ke5 Ra1 57. Kd4 a4 58. Kc3 a3 59. Ra6 a2 60. Kb2 1/2-1/2

[Event "Niedersachsen-ch A 2024"]
[Site "Verden Aller"]
[Date "2024.01.06"]
[Round "5.34"]
[White "Burnus, Finn Crispin"]
[Black "Poelig, Juergen"]
[Result "1-0"]
[ECO "D32"]
[WhiteElo "1655"]
[BlackElo "1819"]
[Annotator "NA RC"]
[PlyCount "105"]
[EventDate "2024.01.01"]
[EventType "swiss"]
[EventCountry "GER"]
[SourceTitle "playchess.com"]
[Source "ChessBase"]
[SourceQuality "1"]
[TimeControl "40/5400+30:1800+30"]

1. d4 d5 2. c4 e6 3. Nc3 c5 4. cxd5 exd5 5. Nf3 Nc6 6. e3 Nf6 7. Be2 Bd6 8. O-O O-O 9. Nb5 Be7 10. dxc5 Bxc5 11. Nbd4 Bg4 12. Nxc6 bxc6 13. Nd4 Bd7 14. b3 Re8 15. Bb2 Bd6 16. Rc1 Rc8 17. Bf3 Ne4 18. Bg4 Qh4 19. h3 Bxg4 20. Qxg4 Qxg4 21. hxg4 c5 22. Nb5 Bb8 23. Rfd1 Red8 24. f3 Ng5 25. Kf2 f6 26. Nc3 d4 27. Na4 dxe3+ 28. Kxe3 Rxd1 29. Rxd1 Ne6 30. Kf2 Kf7 31. Ba3 a6 32. Nb6 Rc6 33. Rd7+ Kg6 34. Rb7 Be5 35. Nd5 Rd6 36. Ne7+ Kg5 37. Bc1+ Bf4 38. Bxf4+ Kxf4 39. g3+ Ke5 40. Ke3 Rd1 41. Nf5 Ra1 42. Rb6 g5 43. Rxa6 h5 44. b4 hxg4 45. fxg4 Rc1 46. Ra5 Rc3+ 47. Kd2 Rc4 48. bxc5 Nxc5 49. Ne3 Rd4+ 50. Ke2 Kd6 51. Nf5+ Kd5 52. Nxd4 Kxd4 53. Rxc5 1-0

[Event "Niedersachsen-ch A 2024"]
[Site "Verden Aller"]
[Date "2024.01.06"]
[Round "5.35"]
[White "Stiller, Maximilian"]
[Black "Vormann, Dirk"]
[Result "1/2-1/2"]
[ECO "D32"]
[WhiteElo "1786"]
[BlackElo "1854"]
[Annotator "NA RC"]
[PlyCount "58"]
[EventDate "2024.01.01"]
[EventType "swiss"]
[EventCountry "GER"]
[SourceTitle "playchess.com"]
[Source "ChessBase"]
[SourceQuality "1"]
[TimeControl "40/5400+30:1800+30"]

1. Nf3 d5 2. e3 Nf6 3. c4 e6 4. Nc3 c5 5. cxd5 exd5 6. d4 Nc6 7. Be2 Be7 8. O-O O-O 9. b3 Bf5 10. Bb2 Ne4 11. dxc5 Nxc3 12. Bxc3 Bxc5 13. Nd4 Be6 14. Bg4 Qe7 15. Bxe6 fxe6 16. Qg4 Nxd4 17. Bxd4 Bxd4 18. Qxd4 b6 19. Rac1 Rac8 20. Rc3 Rc7 21. Rfc1 Rfc8 22. Qe5 Rxc3 23. Rxc3 Rxc3 24. Qxc3 Qa3 25. Qc8+ Kf7 26. Qc7+ Qe7 27. Qe5 Qf6 28. Qh5+ Qg6 29. Qf3+ Qf6 1/2-1/2

[Event "Niedersachsen-ch A 2024"]
[Site "Verden Aller"]
[Date "2024.01.06"]
[Round "5.36"]
[White "Trunz, Tamila"]
[Black "Arndt, Felix"]
[Result "0-1"]
[ECO "B07"]
[WhiteElo "1766"]
[BlackElo "1901"]
[Annotator "NA RC"]
[PlyCount "82"]
[EventDate "2024.01.01"]
[EventType "swiss"]
[EventCountry "GER"]
[SourceTitle "playchess.com"]
[Source "ChessBase"]
[SourceQuality "1"]
[TimeControl "40/5400+30:1800+30"]

1. e4 d6 2. d4 Nf6 3. Nc3 c6 4. Nf3 Bg4 5. Be2 Qa5 6. Bd2 Qc7 7. Bf4 Nbd7 8. h3 Bxf3 9. Bxf3 e5 10. Be3 Be7 11. Qd2 O-O 12. g4 b5 13. g5 Ne8 14. h4 Rd8 15. Ne2 exd4 16. Nxd4 Ne5 17. Be2 d5 18. O-O-O Nc4 19. Bxc4 dxc4 20. Qe1 Bc5 21. g6 hxg6 22. h5 g5 23. h6 g6 24. Qg1 c3 25. Qxg5 cxb2+ 26. Kb1 Be7 27. h7+ Kh8 28. Qg2 Nd6 29. Bh6 Nc4 30. f4 Na3+ 31. Kxb2 Qa5 32. Rh3 Nc4+ 33. Kb1 Rxd4 34. Qe2 Rxd1+ 35. Qxd1 Rd8 36. Qd4+ f6 37. a3 Nxa3+ 38. Kb2 Nc4+ 39. Kb1 Qb4+ 40. Ka2 Qa4+ 41. Kb1 Na3+ 0-1

[Event "Niedersachsen-ch A 2024"]
[Site "Verden Aller"]
[Date "2024.01.06"]
[Round "6.2"]
[White "Stotyn, Fabian"]
[Black "Kiesel, Lucas"]
[Result "1-0"]
[ECO "B09"]
[WhiteElo "2139"]
[BlackElo "1987"]
[Annotator "RC"]
[PlyCount "113"]
[EventDate "2024.01.01"]
[EventType "swiss"]
[EventCountry "GER"]
[SourceTitle "playchess.com"]
[Source "ChessBase"]
[SourceQuality "1"]
[TimeControl "40/5400+30:1800+30"]

1. e4 d6 2. d4 Nf6 3. Nc3 g6 4. f4 Bg7 5. Nf3 O-O 6. a4 c5 7. d5 e6 8. dxe6 Bxe6 9. Be2 Nc6 10. O-O d5 11. e5 Ne8 12. Ng5 Nc7 13. Nxe6 fxe6 14. Bg4 Qe7 15. Nb5 Nxb5 16. axb5 Nd4 17. Qd3 Rfe8 18. c3 Nb3 19. Ra3 c4 20. Qe3 b6 21. Bd1 Qd7 22. Bxb3 Bf8 23. Qd2 Bxa3 24. Bxc4 Bc5+ 25. Kh1 Rad8 26. Bd3 d4 27. c4 Qe7 28. Rf3 a6 29. bxa6 Ra8 30. Rg3 Kf7 31. Qc2 Rg8 32. Qa4 Qe8 33. Qb5 Qc8 34. Rh3 Rg7 35. Rf3 Qxa6 36. Qd7+ Be7 37. Qxd4 Rd8 38. Qc3 Qa4 39. b3 Bb4 40. Qc2 Qd7 41. h4 Kg8 42. Kh2 Be1 43. Kh3 Qe7 44. g3 Bb4 45. Qb2 Qb7 46. Qe2 Rgd7 47. Be4 Qa7 48. Rf1 Bc5 49. Qg4 Re7 50. h5 Qd7 51. f5 exf5 52. Bxf5 Qd4 53. Bf4 Rg7 54. Be6+ Kh8 55. h6 Ra7 56. Bg5 Be7 57. Qxd4 1-0

[Event "Niedersachsen-ch A 2024"]
[Site "Verden Aller"]
[Date "2024.01.06"]
[Round "6.3"]
[White "Hoellmann, Ludger"]
[Black "Ahlbrecht, Malte"]
[Result "1-0"]
[ECO "D11"]
[WhiteElo "2015"]
[BlackElo "1727"]
[Annotator "NA RC"]
[PlyCount "59"]
[EventDate "2024.01.01"]
[EventType "swiss"]
[EventCountry "GER"]
[SourceTitle "playchess.com"]
[Source "ChessBase"]
[SourceQuality "1"]
[TimeControl "40/5400+30:1800+30"]

1. d4 Nf6 2. Nf3 d5 3. g3 Bf5 4. Bg2 e6 5. c4 c6 6. Nc3 Be7 7. O-O h6 8. b3 O-O 9. Bb2 Nbd7 10. Nd2 Qb6 11. e4 dxe4 12. Ndxe4 Nxe4 13. Nxe4 Nf6 14. Nc5 Bxc5 15. dxc5 Qxc5 16. Bxf6 gxf6 17. Qh5 Qe5 18. Qxh6 Bg6 19. h4 Rad8 20. Rfe1 Qh5 21. Qe3 Qa5 22. Rad1 Qxa2 23. Ra1 Qb2 24. Rxa7 Rd3 25. Qf4 Rxb3 26. Be4 Bxe4 27. Rxe4 f5 28. Re5 f6 29. Rxe6 Kf7 30. Rxc6 1-0

[Event "Niedersachsen-ch A 2024"]
[Site "Verden Aller"]
[Date "2024.01.06"]
[Round "6.4"]
[White "Schulz, Jens"]
[Black "Witthaus, Joerg"]
[Result "1-0"]
[ECO "C42"]
[WhiteElo "2152"]
[BlackElo "2029"]
[Annotator "RC"]
[PlyCount "101"]
[EventDate "2024.01.01"]
[EventType "swiss"]
[EventCountry "GER"]
[SourceTitle "playchess.com"]
[Source "ChessBase"]
[SourceQuality "1"]
[TimeControl "40/5400+30:1800+30"]

1. e4 e5 2. Nf3 Nf6 3. Nxe5 d6 4. Nf3 Nxe4 5. Nc3 Nf6 6. d4 Be7 7. Bf4 O-O 8. Qd2 c6 9. Bd3 Re8 10. O-O-O b5 11. Rde1 Bg4 12. Ng5 Nbd7 13. f3 Bh5 14. h4 Nf8 15. g4 Bg6 16. Bg3 b4 17. Nce4 d5 18. Nxf6+ Bxf6 19. Rxe8 Qxe8 20. Bxg6 hxg6 21. Re1 Qd8 22. f4 Qb6 23. Nf3 Ne6 24. Bf2 Rc8 25. Ne5 Bxe5 26. dxe5 Qa6 27. f5 gxf5 28. gxf5 Qxa2 29. Qxb4 c5 30. Qb7 Qa1+ 31. Kd2 Qa5+ 32. b4 Qc7 33. Qxc7 Nxc7 34. Bxc5 a6 35. Kd3 g6 36. fxg6 fxg6 37. Kd4 a5 38. c3 Nb5+ 39. Kd3 axb4 40. Bxb4 Re8 41. e6 Nc7 42. e7 Kf7 43. Kd4 Rh8 44. Ke5 Rh5+ 45. Kd6 Ne8+ 46. Kc6 Rf5 47. Bc5 Kg8 48. Bd4 Kf7 49. Kd7 Rf4 50. Re2 Rf5 51. Kd8 1-0

[Event "Niedersachsen-ch A 2024"]
[Site "Verden Aller"]
[Date "2024.01.06"]
[Round "6.5"]
[White "Peters, Tom"]
[Black "Boerma, Daniel"]
[Result "1-0"]
[ECO "C41"]
[WhiteElo "2102"]
[BlackElo "1905"]
[Annotator "NA RC"]
[PlyCount "79"]
[EventDate "2024.01.01"]
[EventType "swiss"]
[EventCountry "GER"]
[SourceTitle "playchess.com"]
[Source "ChessBase"]
[SourceQuality "1"]
[TimeControl "40/5400+30:1800+30"]

1. e4 d6 2. d4 Nf6 3. Nc3 Nbd7 4. Nf3 e5 5. g4 Nxg4 6. Rg1 exd4 7. Nxd4 Nde5 8. h3 c5 9. hxg4 cxd4 10. Nb5 a6 11. Nxd4 h5 12. gxh5 Qh4 13. Be3 Ng4 14. Qf3 Nxe3 15. Qxe3 Rxh5 16. O-O-O g6 17. Kb1 Bd7 18. Bc4 Qf6 19. Bd5 Bg7 20. Bxb7 Rb8 21. Bd5 Kf8 22. c3 a5 23. Rg3 Bh6 24. Rf3 Qe7 25. Qd3 f6 26. Rg3 Qh7 27. Rdg1 Rg5 28. f4 Rxg3 29. Qxg3 Ke7 30. e5 g5+ 31. Ka1 gxf4 32. exf6+ Kd8 33. Qh2 Kc7 34. a3 Rh8 35. Qe2 f3 36. Qxf3 Bf8 37. Qf1 Qh3 38. Qa6 Qe3 39. Qxa5+ Kc8 40. Qa8+ 1-0

[Event "Niedersachsen-ch A 2024"]
[Site "Verden Aller"]
[Date "2024.01.06"]
[Round "6.6"]
[White "Sickmann, Lisa"]
[Black "Celik, Abdullah"]
[Result "1/2-1/2"]
[ECO "B19"]
[WhiteElo "1961"]
[BlackElo "2081"]
[Annotator "NA RC"]
[PlyCount "112"]
[EventDate "2024.01.01"]
[EventType "swiss"]
[EventCountry "GER"]
[SourceTitle "playchess.com"]
[Source "ChessBase"]
[SourceQuality "1"]
[TimeControl "40/5400+30:1800+30"]

1. e4 c6 2. d4 d5 3. Nc3 dxe4 4. Nxe4 Bf5 5. Ng3 Bg6 6. h4 h6 7. Nf3 e6 8. Ne5 Bh7 9. Qh5 Qc7 10. Bd3 Bxd3 11. Nxd3 Nf6 12. Qe2 Bd6 13. Ne4 Nxe4 14. Qxe4 Nd7 15. Bd2 O-O-O 16. O-O-O Nf6 17. Qe2 Nd5 18. c4 Nf4 19. Nxf4 Bxf4 20. Qe4 Bxd2+ 21. Rxd2 Qa5 22. a3 Qa4 23. Qc2 Qxc2+ 24. Kxc2 a5 25. h5 Kc7 26. b3 a4 27. b4 b5 28. c5 Rd5 29. f4 Rhd8 30. Kc3 R8d7 31. g4 Kd8 32. Rg1 Ke7 33. g5 Rf5 34. Rg4 Rdd5 35. Rdg2 hxg5 36. Rxg5 Rxf4 37. Rxd5 exd5 38. Rxg7 Rf3+ 39. Kb2 Rb3+ 40. Ka2 Rh3 41. Rh7 Rh2+ 42. Kb1 Re2 43. h6 Kf6 44. Rh8 Re6 45. Rg8 Re1+ 46. Kc2 Rh1 47. Rc8 Kf5 48. Rxc6 Ke4 49. Rf6 Kxd4 50. c6 Rh2+ 51. Kd1 Ke3 52. c7 Rh1+ 53. Kc2 Rh2+ 54. Kd1 Rh1+ 55. Kc2 Rh2+ 56. Kd1 Rh1+ 1/2-1/2

[Event "Niedersachsen-ch A 2024"]
[Site "Verden Aller"]
[Date "2024.01.06"]
[Round "6.7"]
[White "Lau, Udo"]
[Black "Loecken, Siegfried"]
[Result "0-1"]
[ECO "A43"]
[WhiteElo "2071"]
[BlackElo "2014"]
[Annotator "NA RC"]
[PlyCount "118"]
[EventDate "2024.01.01"]
[EventType "swiss"]
[EventCountry "GER"]
[SourceTitle "playchess.com"]
[Source "ChessBase"]
[SourceQuality "1"]
[TimeControl "40/5400+30:1800+30"]

1. d4 Nf6 2. Nf3 c5 3. d5 e6 4. Nc3 exd5 5. Nxd5 Nxd5 6. Qxd5 Nc6 7. e4 d6 8. Bg5 Qb6 9. Qb3 Qxb3 10. axb3 h6 11. Bf4 g5 12. Bg3 f5 13. exf5 Bxf5 14. O-O-O O-O-O 15. Bd3 Bxd3 16. Rxd3 d5 17. Ne5 Rh7 18. Nxc6 bxc6 19. Re1 Re7 20. Rxe7 Bxe7 21. Kd2 Bf6 22. c3 Kd7 23. f3 a6 24. Kc2 Re8 25. Rd2 Be5 26. Bxe5 Rxe5 27. Kd3 Ke6 28. Rd1 Kd6 29. Ra1 h5 30. Kd2 g4 31. f4 Re7 32. Rxa6 g3 33. h3 Re4 34. Ra4 d4 35. cxd4 cxd4 36. Kd3 Re3+ 37. Kd2 c5 38. Ra6+ Kd5 39. Rb6 h4 40. f5 Re5 41. Rf6 Ke4 42. Rh6 Rxf5 43. Rxh4+ Kd5 44. Kd3 Rf2 45. Rh5+ Kc6 46. b4 cxb4 47. b3 Rxg2 48. Kxd4 Rg1 49. Rc5+ Kd6 50. Rc2 Rh1 51. Ke4 Rh2 52. Rc1 g2 53. Rg1 Kc5 54. Kf4 Rxh3 55. Rxg2 Rxb3 56. Ke4 Kc4 57. Rc2+ Rc3 58. Rb2 b3 59. Rh2 Rg3 0-1

[Event "Niedersachsen-ch A 2024"]
[Site "Verden Aller"]
[Date "2024.01.06"]
[Round "6.8"]
[White "Jacobi, Felix-Hagen"]
[Black "Soellig, Martin"]
[Result "1/2-1/2"]
[ECO "C01"]
[WhiteElo "2056"]
[BlackElo "1892"]
[Annotator "NA RC"]
[PlyCount "48"]
[EventDate "2024.01.01"]
[EventType "swiss"]
[EventCountry "GER"]
[SourceTitle "playchess.com"]
[Source "ChessBase"]
[SourceQuality "1"]
[TimeControl "40/5400+30:1800+30"]

1. e4 e6 2. d4 d5 3. exd5 exd5 4. Bd3 Bd6 5. c3 c6 6. Qc2 Nf6 7. Bg5 h6 8. Bh4 Be6 9. Nd2 Nbd7 10. Ne2 Qc7 11. Bg3 a5 12. O-O O-O 13. Bxd6 Qxd6 14. Ng3 Rfe8 15. Rfe1 Nf8 16. h3 Bd7 17. Nf3 Rxe1+ 18. Rxe1 Re8 19. Rxe8 Nxe8 20. Qe2 Qe6 21. Ne5 Nd6 22. Kf1 f6 23. Nxd7 Qxe2+ 24. Kxe2 Nxd7 1/2-1/2

[Event "Niedersachsen-ch A 2024"]
[Site "Verden Aller"]
[Date "2024.01.06"]
[Round "6.9"]
[White "Carlstedt, Jonathan"]
[Black "Drygala, Lars"]
[Result "1/2-1/2"]
[ECO "A13"]
[WhiteElo "2447"]
[BlackElo "1869"]
[Annotator "RC"]
[PlyCount "104"]
[EventDate "2024.01.01"]
[EventType "swiss"]
[EventCountry "GER"]
[SourceTitle "playchess.com"]
[Source "ChessBase"]
[SourceQuality "1"]
[TimeControl "40/5400+30:1800+30"]

1. Nf3 d5 2. e3 Nf6 3. c4 e6 4. b3 Be7 5. Bb2 O-O 6. Qc2 b6 7. Nc3 Bb7 8. h4 c5 9. cxd5 exd5 10. Ng5 Nbd7 11. Bd3 h6 12. Bh7+ Kh8 13. Ne2 Bd6 14. Bf5 Be5 15. Bxe5 Nxe5 16. d4 cxd4 17. Nxd4 Bc8 18. Rd1 Qe7 19. Kf1 Neg4 20. Bxg4 Bxg4 21. f3 Bh5 22. Qd2 Bg6 23. Nh3 Nh5 24. Qf2 f5 25. g3 Rae8 26. Re1 Qc7 27. Kg2 Qc3 28. Re2 Re7 29. Rhe1 Rfe8 30. Nf4 Nxf4+ 31. gxf4 Qd3 32. Nc6 Re6 33. Ne5 Rxe5 34. fxe5 Rxe5 35. Rd2 Qc3 36. Rc2 Qb4 37. Rd2 Bh5 38. Rd4 Qc3 39. f4 Re6 40. Kh2 Bf3 41. h5 Be4 42. Rg1 Qc6 43. Rdd1 Qe8 44. Qh4 Bf3 45. Rd2 Rxe3 46. Rf1 Bg4 47. Kg1 Qe4 48. Qf2 Rh3 49. Qg2 Qe3+ 50. Qf2 Rg3+ 51. Kh2 Rh3+ 52. Kg1 Rg3+ 1/2-1/2

[Event "Niedersachsen-ch A 2024"]
[Site "Verden Aller"]
[Date "2024.01.06"]
[Round "6.10"]
[White "Koch, Yannick"]
[Black "Nielsen, Lars Aaes"]
[Result "1-0"]
[ECO "D06"]
[WhiteElo "1981"]
[BlackElo "2202"]
[Annotator "RC"]
[PlyCount "45"]
[EventDate "2024.01.01"]
[EventType "swiss"]
[EventCountry "GER"]
[SourceTitle "playchess.com"]
[Source "ChessBase"]
[SourceQuality "1"]
[TimeControl "40/5400+30:1800+30"]

1. d4 Nf6 2. c4 d5 3. cxd5 Nxd5 4. e4 Nf6 5. Nc3 e6 6. Nf3 Be7 7. Be3 O-O 8. Bd3 b6 9. Qe2 a5 10. O-O Ba6 11. Rfd1 Bxd3 12. Rxd3 c6 13. d5 exd5 14. exd5 cxd5 15. Rad1 Ra7 16. Nxd5 Nxd5 17. Rxd5 Qc7 18. Nd4 Qc8 19. Nf5 Qe6 20. Qb5 Bf6 21. Qxb6 Qxb6 22. Bxb6 Rb7 23. Bc5 1-0